 Dungeon Crawl Stone Soup version 0.29-a0-380-gf50f0a9fbc (webtiles) character file.

Game seed: 13263658434341859099

1148 Hubjo the Firebug (level 8, -1/43 HPs)
             Began as a Deep Elf Fire Elementalist on May 4, 2022.
             Was a Believer of Hepliaklqana.
             Slain by Pikel
             ... wielding a +2 whip of electrocution
              (10 damage)
             ... on level 4 of the Dungeon on May 5, 2022.
             The game lasted 00:11:31 (5976 turns).

Hubjo the Firebug (Deep Elf Fire Elementalist)      Turns: 5976, Time: 00:11:35

Health: -1/43      AC:  2    Str:  5    XL:     8   Next: 15%
Magic:  0/19       EV: 13    Int: 21    God:    Hepliaklqana [**....]
Gold:   202        SH:  0    Dex: 17    Spells: 14/19 levels left

rFire   . . .      SeeInvis .   n - +2 dagger (venom)
rCold   . . .      Faith    .   (no shield)
rNeg    . . .      Spirit   +   a - +0 robe
rPois   .          Reflect  .   (no helmet)
rElec   .          Harm     .   (no cloak)
rCorr   .          Rampage  .   (no gloves)
Will    .....                   (no boots)
Stlth   +++.......              e - amulet of guardian spirit
HPRegen 0.14/turn               (no ring)
MPRegen 0.16/turn               (no ring)

@: no status effects
A: reduced essence, screaming 1
a: Renounce Religion, Recall Ancestor, Ancestor Identity


You were on level 4 of the Dungeon.
You worshipped Hepliaklqana.
Hepliaklqana was pleased with you.
You visited 1 branch of the dungeon, and saw 4 of its levels.

You collected 202 gold pieces.

Inventory:

Hand Weapons
 d - a +3 dagger
 g - a +0 dagger
 n - a +2 dagger of venom (weapon)
 p - a +4 long sword
Missiles
 b - a throwing net
Armour
 a - a +0 robe (worn)
Jewellery
 e - an amulet of guardian spirit (around neck)
Scrolls
 h - a scroll of torment
Potions
 c - a potion of degeneration {unknown}
 f - a potion of haste
 j - a potion of attraction
 l - a potion of curing {unknown}
 m - a potion of heal wounds


   Skills:
 + Level 3.7 Fighting
 - Level 2.4 Dodging
 + Level 6.1 Stealth
 + Level 6.4 Spellcasting
 - Level 1.1 Conjurations
 * Level 7.1 Fire Magic


You had 14 spell levels left.
You knew the following spells:

 Your Spells              Type           Power      Damage    Failure   Level
a - Foxfire               Conj/Fire      96%        2x1d8     1%          1
b - Flame Wave            Conj/Fire      24%        2d7       17%         4

Your spell library contained the following spells:

 Spells                   Type           Power      Damage    Failure   Level
 Scorch                   Fire           72%        2d8       1%          2
 Conjure Flame            Conj/Fire      24%        6-21      5%          3
 Inner Flame              Hex/Fire       21%        N/A       7%          3
 Frozen Ramparts          Ice            12%        1d3       28%         3
 Ice Form                 Ice/Tmut       6%         N/A       67%         4
 Summon Ice Beast         Ice/Summ       6%         N/A       67%         4


Dungeon Overview and Level Annotations

Branches:
Dungeon (4/15)
 Temple: D:4-7

Altars:
Hepliaklqana

Shops:
D:1 (

Annotations:
D:4 Pikel


Innate Abilities, Weirdness & Mutations

Your life essence is reduced to manifest your ancestor. (-10% HP)
You occasionally shout uncontrollably at your foes.


Message History

Hubquo hits the lemure with a +0 flail!
Hubquo blocks the lemure's attack.
The lemure hits you.
You barely miss the lemure.
The lemure is almost dead.
You kill the lemure!
That felt strangely unrewarding.
Hubquo closely misses the lemure.
Hubquo blocks the lemure's attack.
As you read the scroll labelled NEWYELL TUNEE, it crumbles to dust.
Your body is wracked with pain!
Pikel convulses!
It was a scroll of torment.
Hubquo completely misses the lemure.
The lemure barely misses Hubquo.
Pikel barely misses you.
You feel much better.
Pikel hits you with a +2 whip of electrocution!
You barely miss Pikel.
Pikel is severely wounded.
Hubquo hits the lemure but does no damage.
Hubquo blocks the lemure's attack. x2
Pikel hits you with a +2 whip of electrocution.
You barely miss Pikel.
Pikel is severely wounded.
Hubquo hits the lemure with a +0 flail.
The lemure hits Hubquo but does no damage.
Hubquo blocks the lemure's attack.
Pikel completely misses you.
You closely miss Pikel.
Pikel is severely wounded.
Hubquo closely misses the lemure.
The lemure completely misses Hubquo.
Hubquo blocks the lemure's attack.
Pikel barely misses you.
You hit Pikel but do no damage.
Pikel is severely wounded.
Hubquo hits the lemure with a +0 flail!
The lemure dies!
Hubquo blocks the lemure's attack.
Pikel hits you with a +2 whip of electrocution!
You hit Pikel but do no damage.
Pikel is severely wounded.
Hubquo barely misses the lemure.
The lemure hits Hubquo.
Pikel hits you with a +2 whip of electrocution!
* * * LOW HITPOINT WARNING * * *
You are electrocuted!
You die...

#.. #.#.# ### #.#5#
##.## #.#.# #R#.##
#.#.# .###R## #.#K# ##
##.# #.#.# .###.##
###########.#.# #.#)##
#.....@K.R5...#
##.######
#.########)####
........# #.# #.#
##.####.# #.# #.# #.#
#.# #.# #.#
#.####.###.# #.#
#.......##.# #.#
##.####..##.########.#
...####..............#


You could see the friendly Hubquo the knight, Pikel and a lemure (ally target).

Vanquished Creatures
  An ogre (D:4)
  2 lemures (D:4)
  A phantom (D:2)
  4 gnolls
  6 adders
  2 worms
  A dart slug (D:2)
  12 orcs
  6 ball pythons
  8 endoplasms
  3 giant cockroaches
  11 goblins
  6 hobgoblins
  4 kobolds
  4 quokkas
  4 bats
  4 frilled lizards
  10 rats
89 creatures vanquished.

Vanquished Creatures (collateral kills)
  Eustachio (D:4)
  An orc warrior (D:4)
  A lemure (D:4)
  A phantom (D:4)
  A gnoll sergeant (D:3)
  A necrophage (D:4)
  4 wights
  A hound (D:4)
  An orc priest (D:3)
  An orc wizard (D:4)
  Robin (D:3)
  3 gnolls
  A worm (D:4)
  2 dart slugs
  3 orcs (D:3)
  A giant cockroach (D:3)
  4 hobgoblins
  8 goblins (D:3)
  A rat (D:1)
37 creatures vanquished.

Vanquished Creatures (others)
  2 knights (D:4)
  An ancestor (D:1)
  514 foxfires
517 creatures vanquished.

Grand Total: 643 creatures vanquished

Notes
Turn   | Place    | Note
-------+----------+-------------------------------------------
     0 | D:1      | Hubjo the Deep Elf Fire Elementalist began the quest for
                  | the Orb.
     0 | D:1      | Reached XP level 1. HP: 10/10 MP: 6/6
    37 | D:1      | Found a faded altar of an unknown god.
    50 | D:1      | Prayed at the altar of an unknown god.
    50 | D:1      | Became a worshipper of Hepliaklqana the Forgotten
    50 | D:1      | Reached * piety under Hepliaklqana
   231 | D:1      | Reached XP level 2. HP: 10/14 MP: 1/8
   672 | D:1      | Reached skill level 1 in Fighting
   988 | D:1      | Found Ekumnierch's Weapon Shop.
  1443 | D:2      | Reached XP level 3. HP: 17/18 MP: 6/9
  2157 | D:2      | Reached XP level 4. HP: 22/22 MP: 7/11
  2190 | D:2      | Reached ** piety under Hepliaklqana
  2191 | D:2      | Remembered your ancestor Hubquo as a knight
  2338 | D:2      | Noticed a phantom
  2345 | D:2      | Killed a phantom
  2346 | D:2      | Reached skill level 4 in Fire Magic
  2346 | D:2      | Reached XP level 5. HP: 27/27 MP: 4/13
  2530 | D:2      | Learned a level 4 spell: Flame Wave
  3067 | D:3      | Reached XP level 6. HP: 32/32 MP: 11/14
  3517 | D:3      | Noticed Robin
  3524 | D:3      | Gained mutation: You expend magic power (3 MP) to
                  | strengthen your wands. [potion of mutation]
  3552 | D:3      | Killed Robin
  3587 | D:3      | Reached skill level 5 in Fire Magic
  3925 | D:3      | Lost mutation: You expend magic power (3 MP) to strengthen
                  | your wands. [potion of mutation]
  3925 | D:3      | Gained mutation: You sometimes lose the ability to read
                  | scrolls when taking damage. [potion of mutation]
  3925 | D:3      | Gained mutation: Your mind is acute. (Int +2) [potion of
                  | mutation]
  3925 | D:3      | Gained mutation: You have large cloven feet. [potion of
                  | mutation]
  3926 | D:3      | Lost mutation: You sometimes lose the ability to read
                  | scrolls when taking damage. [potion of mutation]
  3926 | D:3      | Lost mutation: Your mind is acute. (Int +2) [potion of
                  | mutation]
  3926 | D:3      | Lost mutation: You have large cloven feet. [potion of
                  | mutation]
  3926 | D:3      | Gained mutation: You occasionally shout uncontrollably at
                  | your foes. [potion of mutation]
  4251 | D:4      | Reached skill level 5 in Spellcasting
  4265 | D:4      | Noticed an orc warrior
  4280 | D:4      | Reached skill level 5 in Stealth
  4280 | D:4      | Reached XP level 7. HP: 29/36 MP: 6/17
  4564 | D:4      | Reached skill level 6 in Fire Magic
  4698 | D:3      | Upgraded the game from 0.29-a0-378-gc08b2e8bf8 to
                  | 0.29-a0-380-gf50f0a9fbc
  5077 | D:4      | Noticed Eustachio
  5385 | D:4      | Killed Eustachio
  5386 | D:4      | Reached XP level 8. HP: 28/42 MP: 4/19
  5672 | D:4      | Reached skill level 7 in Fire Magic
  5947 | D:4      | Noticed Pikel
  5976 | D:4      | Slain by Pikel

Illustrated notes

Levels and vault maps discovered:
D:1:      wheals_arrival_shading, layout_basic,
          ebering_ecumenical_altar_sacrificial, serial_shops,
          nicolae_shop_bloodbath_and_beyond
D:2:      layout_rooms, minmay_misc_feat_encased
D:3:      layout_basic, grunt_ministairs_9, uniq_robin
D:4:      layout_loops_ring, minmay_misc_feat_nine_boxes, dk_rats_in_the_wall,
          uniq_pikel, uniq_ijyb, uniq_eustachio

Skill      XL: |  1  2  3  4  5  6  7  8 |
---------------+-------------------------+-----
Fighting       | 1 2 3 |  3.7
Stealth        | 3 4 5 6 |  6.1
Spellcasting   | 4 5 6 |  6.4
Fire Magic     | 4 5 6 7 |  7.1
Dodging        | |  2.4
Conjurations   | |  1.1

Action                   |  1- 3 |  4- 6 |  7- 9 || total
-------------------------+-------+-------+-------++-------
Melee: Unarmed           |     3 |       |       ||     3
       Dagger            |     2 |    16 |    33 ||    51
       Punch             |       |     1 |       ||     1
 Cast: Foxfire           |   137 |   134 |    74 ||   345
       Flame Wave        |       |     1 |     1 ||     2
Invok: Ancestor Life: Kn |       |     1 |       ||     1
       Ancestor Identity |       |     1 |       ||     1
       Recall Ancestor   |       |       |     1 ||     1
  Use: Potion            |       |     7 |     3 ||    10
       Scroll            |       |       |     5 ||     5
Armor: Robe              |     3 |     9 |     4 ||    16
Dodge: Dodged            |     5 |    36 |    48 ||    89

Table legend: (Time is in decaauts)
 A = Elapsed time spent in this place.
 B = Non-inter-level travel time spent in this place.
 C = Inter-level travel time spent in this place.
 D = Time resting spent in this place.
 E = Time spent auto-exploring this place.
 F = Levels seen in this place.
 G = Mean time per level.
                   A        B        C        D        E       F      G
               +--------+--------+--------+--------+--------+-----+--------+
         Total |   5978 |   5886 |     92 |    247 |   4621 |   4 | 1494.5 |
       Dungeon |   5978 |   5886 |     92 |    247 |   4621 |   4 | 1494.5 |
               +--------+--------+--------+--------+--------+-----+--------+

Top non-repeatable levels by time:
     D:3: 2191 daAuts
     D:1: 1358 daAuts
     D:2: 1217 daAuts
     D:4: 1210 daAuts
